Map: Oxide LE

Players

Reynor - Winner!

  • Race: Zerg Zerg
  • League: Master
  • Spawn Location: 7:00

HeroMarine

  • Race: Terran Terran
  • League: Master
  • Spawn Location: 1:00

Event: TSL 6

VOD

Have the link to the VOD?

Description

Time

  • Played on: Dec. 12, 2020, 4 p.m.
  • Length: 8:47

All games in this series

Show
View Real Time Build Order
Export as new Build Order

Reynor Zerg - Winner!

Build Orders: Hatch First 

Get SALT Encoding   

  12  0:00  Drone  
  13  0:12  Overlord  
  13  0:16  Drone  
  14  0:30  Drone x2  
  16  0:47  Hatchery  
  15  0:50  Drone  
  15  0:53  Drone  
  15  0:57  Drone  
  18  1:07  Extractor  
  17  1:12  Spawning Pool  
  17  1:15  Drone  
  17  1:18  Drone  
  18  1:27  Drone  
  19  1:38  Drone  
  20  1:49  Drone  
  21  1:59  Queen x2  
  21  2:00  Zergling x4  
  27  2:12  Hatchery  
  26  2:16  Overlord  
  26  2:20  Drone  
  27  2:23  Drone  
  28  2:38  Drone x3  
  28  2:43  Queen  
  33  2:46  Metabolic Boost  
  33  2:48  Overlord  
  33  2:51  Drone  
  34  2:53  Drone  
  34  2:56  Drone  
  36  3:08  Overlord, Drone x3  
  36  3:09  Drone  
  40  3:18  Queen  
  40  3:19  Drone x2  
  44  3:24  Drone  
  44  3:26  Queen  
  47  3:29  Drone  
  47  3:30  Drone  
  49  3:36  Overlord  
  49  3:37  Drone x2  
  49  3:40  Zergling x4  
  53  3:43  Zergling x2  
  53  3:45  Drone  
  56  3:48  Zergling x2  
  56  3:53  Overlord  
  56  3:55  Drone x3  
  59  3:58  Queen  
  59  4:00  Drone  
  59  4:01  Drone  
  63  4:03  Overlord  
  63  4:08  Drone  
  64  4:12  Drone x2  
  64  4:16  Extractor, Evolution Chamber  
  64  4:18  Drone  
  64  4:19  Evolution Chamber  
  64  4:23  Zergling x4  
  66  4:28  Drone x3  
  66  4:29  Drone  
  70  4:34  Overlord  
  70  4:35  Drone x3  
  70  4:37  Drone  
  74  4:45  Overlord  
  73  4:54  Zerg Ground Armor Level 1, Drone x3  
  73  4:55  Zerg Melee Weapons Level 1  
  73  4:57  Hatchery, Drone x3  
  73  4:59  Spore Crawler  
  77  5:00  Spore Crawler, Drone  
  77  5:04  Zergling x4  
  77  5:05  Zergling x4  
  81  5:09  Lair  
  81  5:10  Drone x2  
  81  5:11  Drone  
  81  5:12  Drone  
  85  5:14  Extractor  
  85  5:16  Extractor  
  85  5:18  Zergling x4  
  85  5:20  Drone  
  86  5:22  Drone  
  86  5:23  Baneling Nest  
  86  5:24  Drone x2  
  86  5:28  Drone x2  
  90  5:31  Overlord  
  90  5:35  Overlord  
  90  5:43  Overlord  
  90  5:45  Overlord  
  90  5:48  Overlord  
  91  5:50  Drone x6  
  91  5:53  Drone  
  91  5:57  Drone  
  97  5:59  Hatchery  
  97  6:01  Zergling x4  
  97  6:02  Zergling x2  
  99  6:04  Zergling x2  
  99  6:07  Zergling x2, Centrifical Hooks  
  99  6:08  Zergling x2  
  99  6:09  Zergling x4  
  99  6:11  Hatchery  
  103  6:12  Overlord  
  103  6:14  Zergling x2  
  103  6:16  Zergling x2  
  105  6:19  Zergling x6  
  105  6:25  Overlord  
  108  6:27  Zergling x6  
  108  6:28  Zergling x6  
  108  6:31  Zergling x6  
  117  6:35  Queen  
  117  6:39  Zergling x6  
  122  6:44  Drone x4  
  126  6:50  Zergling x2  
  126  6:53  Overlord  
  126  6:55  Zergling x8  
  126  6:56  Zergling x4  
  126  6:59  Zergling x8  
  136  7:02  Zergling x2  
  136  7:03  Zergling x2  
  136  7:05  Drone x2  
  136  7:06  Drone x2  
  136  7:08  Drone  
  143  7:12  Baneling x6  
  143  7:13  Baneling  
  143  7:14  Zergling x2  
  143  7:15  Zergling x2  
  145  7:16  Baneling x3  
  145  7:18  Queen  
  145  7:19  Zergling x6  
  145  7:21  Infestation Pit  
  149  7:24  Zergling x4  
  149  7:26  Zergling x4  
  152  7:30  Overlord  
  152  7:31  Drone x3  
  152  7:35  Zergling x16  
  163  7:37  Baneling x7  
  163  7:38  Baneling  
  163  7:39  Overlord  
  163  7:41  Hatchery  
  154  7:44  Zergling x4  
  154  7:45  Zergling x4  
  154  7:49  Zergling x4  
  154  7:50  Baneling x2  
  160  7:54  Drone x3  
  163  8:01  Overlord  
  156  8:06  Zergling x2  
  156  8:07  Zergling x22  
  156  8:10  Zergling x6  
  156  8:12  Baneling x7  
  153  8:15  Zergling x4  
  153  8:19  Zergling x6  
  143  8:27  Zergling x12  
Show
View Real Time Build Order
Export as new Build Order

HeroMarine Terran 

Build Orders: Reaper Expand 

Get SALT Encoding   

  12  0:00  SCV  
  13  0:12  SCV  
  14  0:17  Supply Depot  
  14  0:24  SCV  
  15  0:39  Barracks, SCV  
  16  0:43  Refinery  
  16  0:51  SCV  
  17  1:03  SCV  
  18  1:15  SCV  
  19  1:26  Reaper  
  19  1:27  Orbital Command  
  20  1:40  Command Center  
  20  1:50  Supply Depot  
  20  1:53  SCV  
  21  1:58  Marine  
  22  2:05  SCV  
  23  2:09  Factory  
  23  2:17  SCV  
  23  2:20  Barracks Reactor  
  24  2:29  SCV  
  25  2:41  SCV  
  26  2:45  Command Center  
  26  2:53  Orbital Command, SCV  
  27  3:02  Starport  
  27  3:06  SCV  
  27  3:08  Hellion  
  27  3:12  Hellion  
  32  3:18  SCV  
  32  3:19  SCV  
  34  3:23  Refinery  
  34  3:29  Hellion  
  34  3:30  SCV  
  34  3:31  SCV  
  34  3:34  Hellion  
  40  3:41  Barracks Tech Lab, Viking  
  42  3:42  SCV  
  42  3:43  SCV  
  44  3:54  SCV  
  44  3:55  SCV  
  46  3:57  Orbital Command  
  46  4:00  Stimpack, Marine  
  47  4:06  SCV  
  47  4:07  SCV  
  51  4:15  Barracks  
  49  4:17  Starport Reactor  
  49  4:18  SCV  
  49  4:19  SCV, Marine  
  49  4:20  Barracks  
  52  4:24  Factory Tech Lab  
  52  4:26  SCV  
  52  4:27  Supply Depot  
  52  4:30  SCV  
  54  4:31  SCV  
  54  4:36  Refinery, Marine  
  54  4:37  Refinery  
  54  4:38  SCV  
  57  4:42  SCV  
  57  4:44  Engineering Bay, SCV  
  59  4:46  Engineering Bay  
  59  4:50  SCV  
  58  4:54  SCV, Siege Tank, Marine  
  58  4:55  Supply Depot  
  58  4:56  SCV  
  62  5:02  Orbital Command  
  62  5:04  Starport Reactor  
  62  5:07  SCV  
  63  5:08  SCV  
  63  5:09  Supply Depot, Marine  
  63  5:10  Marine  
  63  5:13  Supply Depot, Terran Infantry Weapons Level 1  
  66  5:16  Terran Infantry Armor Level 1  
  66  5:18  Marine  
  66  5:19  SCV, Marine x2  
  66  5:21  SCV  
  71  5:27  Marine x2  
  71  5:28  SCV  
  74  5:31  SCV  
  74  5:33  SCV  
  74  5:35  Barracks  
  76  5:38  Barracks  
  76  5:39  Supply Depot  
  76  5:40  Medivac x2, SCV, Marine  
  76  5:42  Marine  
  83  5:43  SCV  
  83  5:45  SCV, Marine  
  83  5:47  Marine  
  87  5:52  SCV  
  87  5:53  Marine  
  87  5:56  SCV  
  90  5:57  SCV  
  90  5:58  Marine  
  90  5:59  Supply Depot  
  90  6:00  Combat Shield, Supply Depot, Marine  
  90  6:04  Supply Depot  
  93  6:07  Marine x2  
  93  6:11  Medivac  
  100  6:15  Medivac  
  99  6:18  Barracks  
  99  6:19  Barracks  
  99  6:20  Barracks  
  99  6:21  Siege Tank, Marine  
  99  6:23  Barracks Reactor  
  103  6:26  Barracks Reactor  
  103  6:29  Marine  
  103  6:30  Marine x3  
  107  6:33  SCV  
  107  6:34  Supply Depot  
  107  6:39  Marine  
  109  6:41  Armory  
  109  6:45  Medivac  
  111  6:47  Marine  
  111  6:48  Marine x3  
  111  6:49  Medivac  
  116  6:57  Marine  
  117  7:03  Siege Tank  
  117  7:04  Marine x3  
  117  7:05  Marine x4  
  117  7:06  Supply Depot  
  117  7:07  Marine  
  117  7:08  Marine  
  129  7:09  Supply Depot  
  129  7:13  Supply Depot, Marine  
  129  7:15  Marine x2  
  132  7:16  Supply Depot  
  132  7:21  Marine  
  133  7:28  Medivac, Marine x4  
  133  7:29  Marine x2  
  141  7:30  Marine x2  
  141  7:34  Marine  
  141  7:35  Siege Tank, Marine  
  147  7:38  Marine  
  147  7:39  Marine  
  149  7:45  Marine x4  
  149  7:46  Supply Depot  
  149  7:47  Marine x2  
  149  7:48  Marine x2  
  157  7:52  Marine x2  
  157  7:56  Marine  
  157  7:57  Orbital Command, Marine  
  161  8:03  Marine x2  
  161  8:05  Marine  
  156  8:09  Marine x2  
  156  8:10  Marine x2  
  131  8:13  Marine x4  
  131  8:15  Marine  
  123  8:21  Marine x2  
  123  8:23  Marine  
  117  8:27  Marine x2  
  117  8:28  Marine x2  
  117  8:30  SCV  
Tags
 
Add a new tag
Caveats
  • Supply blocks, unpowered buildings, or Contaminate may cause inaccurate times.
  • Supply counts are checked every 10 seconds.